 Dungeon Crawl Stone Soup version 0.20-a0-345-gbfb25ec (webtiles) character file.

563 snakesoul the Chopper (level 7, 0/56 HPs)
             Began as a Demonspawn Berserker on Dec 22, 2016.
             Was a Priest of Trog.
             Slain by a sky beast (4 damage)
             ... on level 5 of the Dungeon.
             The game lasted 00:07:29 (5850 turns).

snakesoul the Chopper (Demonspawn Berserker)        Turns: 5850, Time: 00:07:30

Health: 0/56       AC:  3    Str: 17    XL:     7   Next: 10%
Magic:  0/7        EV: 12    Int:  9    God:    Trog [***...]
Gold:   194        SH:  0    Dex: 14    Spells: 6/6 levels left

rFire  . . .     SeeInvis .     a - +0 hand axe
rCold  . . .     Gourm    .     b - +0 animal skin
rNeg   . . .     Faith    .     (no shield)
rPois  .         Spirit   +     u - +0 helmet
rElec  .         Reflect  .     (no cloak)
rCorr  .         Harm     .     (no gloves)
MR     .....                    (no boots)
Stlth  +.........               (no amulet)
                                (no ring)
                                (no ring)

@: lethally poisoned (0 -> -2), exhausted, slowed, very slow
A: claws 1, foul stench 1, magic shield, magic regeneration, rot immunity
a: Berserk, Trog's Hand, Burn Spellbooks, Renounce Religion


You were on level 5 of the Dungeon.
You worshipped Trog.
Trog was most pleased with you.
You were very hungry.

You visited 1 branch of the dungeon, and saw 7 of its levels.

You collected 194 gold pieces.

Inventory:

Hand Weapons
 a - a +0 hand axe (weapon)
Armour
 b - a +0 animal skin (worn)
 u - a +0 helmet (worn)
Wands
 s - a wand of flame (25/48)
Scrolls
 d - 6 scrolls of identify {unknown}
 e - 2 scrolls of fear {unknown}
 g - a scroll of magic mapping {unknown}
 i - a scroll of teleportation {unknown}
 k - a scroll of random uselessness {unknown}
 p - a scroll of remove curse
 q - a scroll of blinking {unknown}
Potions
 m - 2 potions of heal wounds {unknown}
 n - a potion of berserk rage {unknown}
 o - a potion of cancellation {unknown}
 r - a potion of curing
 t - a potion of might {unknown}
Comestibles
 c - 4 bread rations
 h - a meat ration
 j - 2 beef jerkies
 l - 6 fruits


   Skills:
 + Level 5.3 Fighting
 * Level 6.2 Axes
 - Level 1.7 Armour
 - Level 1.7 Dodging


You had 6 spell levels left.
You didn't know any spells.

Dungeon Overview and Level Annotations

Branches:
Dungeon (7/15)
 Temple: D:4-7

Altars:
Cheibriados
Fedhas
Qazlal
Vehumet
Yredelemnul


Innate Abilities, Weirdness & Mutations

You have sharp fingernails.
You may emit foul miasma when damaged in melee.
When hurt, damage is shared between your health and your magic reserves.
You regenerate magic rapidly.
You are immune to rotting.


Message History

You feel sick.
The sky beast hits you but does no damage.
The sky beast flickers out of sight!
Deactivating autopickup; reactivate with Ctrl-A.
Something hits you but does no damage.
No target in view!
No target in view!
You miss something.
You feel sick. Something hits you. Something shocks you.
You hit something. Something hits you. Something shocks you.
Something hits you but does no damage.
You slash something!
You feel sick. Something hits you.
* * * LOW HITPOINT WARNING * * *
Something shocks you.
* * * LOW HITPOINT WARNING * * *
You miss something. Something hits you.
* * * LOW HITPOINT WARNING * * *
Something shocks you.
* * * LOW HITPOINT WARNING * * *
Something hits you. Something shocks you.
You die...

# ....# #.#.#.##
####.#....#
.......#..##
...........####
......).))...>#
######.##).##.##
... #......#
#### #@.....#
#{.....#
#####.รท.(..#
............#
##.###.##<###
#.##.# #.##.#
..##.# ####.#


There were no monsters in sight!

Vanquished Creatures
  A phantom (D:4)
  An ogre (D:4)
  A howler monkey (D:5)
  2 orc wizards (D:5)
  2 worker ants (D:4)
  Robin (D:3)
  8 adders
  An ooze (D:3)
  3 worms
  5 dart slugs
  4 leopard geckos
  15 orcs
  5 giant cockroaches
  20 goblins
  11 hobgoblins
  2 jackals (D:5)
  5 quokkas
  2 ball pythons
  8 bats
  4 frilled lizards
  A jackal skeleton (D:5)
  9 kobolds
  A leopard gecko skeleton (D:4)
  22 rats
134 creatures vanquished.

Notes
Turn   | Place    | Note
-------+----------+-------------------------------------------
     0 | D:1      | snakesoul the Demonspawn Berserker began the quest for the Orb.
     0 | D:1      | Reached XP level 1. HP: 18/18 MP: 1/1
    71 | D:1      | Reached skill level 3 in Axes
    71 | D:1      | Gained mutation: You are immune to rotting. [demonic ancestry]
    71 | D:1      | Reached XP level 2. HP: 21/24 MP: 2/2
   469 | D:1      | Reached XP level 3. HP: 17/29 MP: 3/3
   484 | D:1      | HP: 1/29 [goblin/club (5)]
  1392 | D:2      | HP: 1/30 [poisoned by an adder]
  1825 | D:2      | Gained mutation: You have sharp fingernails. [demonic ancestry]
  1825 | D:2      | Reached XP level 4. HP: 6/37 MP: 4/4
  1833 | D:2      | HP: 1/37 [poisoned by an adder]
  2016 | D:2      | Reached skill level 4 in Axes
  2648 | D:2      | Reached ** piety under Trog
  3448 | D:3      | Gained mutation: When hurt, damage is shared between your health and your magic reserves. [demonic ancestry]
  3448 | D:3      | Reached XP level 5. HP: 29/42 MP: 5/5
  3627 | D:3      | Found a radiant altar of Vehumet.
  3664 | D:3      | Found a stormy altar of Qazlal.
  3665 | D:3      | Found a basalt altar of Yredelemnul.
  3665 | D:3      | Found a snail-covered altar of Cheibriados.
  3665 | D:3      | Found a blossoming altar of Fedhas.
  4006 | D:3      | Noticed Robin
  4026 | D:3      | Killed Robin
  4254 | D:3      | Reached *** piety under Trog
  4538 | D:4      | Noticed an ogre
  4548 | D:4      | Killed an ogre
  4548 | D:4      | Reached skill level 5 in Axes
  4548 | D:4      | Gained mutation: You may emit foul miasma when damaged in melee. [demonic ancestry]
  4548 | D:4      | Reached XP level 6. HP: 19/49 MP: 2/6
  5114 | D:4      | You fall through a shaft for 3 floors!
  5146 | D:5      | Entered Level 5 of the Dungeon
  5262 | D:4      | Reached skill level 5 in Fighting
  5824 | D:5      | Reached skill level 6 in Axes
  5834 | D:5      | Gained mutation: You regenerate magic rapidly. [demonic ancestry]
  5834 | D:5      | Reached XP level 7. HP: 50/56 MP: 4/7
  5850 | D:5      | Slain by a sky beast

Vault maps used:
D:1:      kennysheep_arrival_forest
D:3:      lemuel_doored_altar, chequers_temple_overflow_statue_of_worship,
          minmay_rat_hole, uniq_robin
D:4:      nrook_mini_backslash
D:5:      nemelex_xobeh_ov_fountains_minmay, first_bread, uniq_grinder
D:6:      lemuel_round_altar
D:7:      erik_cavepeople, marbit_many_paths, uniq_duvessa

Skill      XL: |  1  2  3  4  5  6 |
---------------+-------------------+-----
Axes           | 3 4 5 6 |  6.2
Fighting       | 4 5 |  5.3
Armour         | |  1.7
Dodging        | |  1.7

Action                   |  1- 3 |  4- 6 |  7- 9 || total
-------------------------+-------+-------+-------++-------
Melee: Hand axe          |   139 |   284 |     7 ||   430
Invok: Berserk           |     1 |     6 |       ||     7
  Use: Scroll            |     1 |     1 |       ||     2
       Potion            |       |     3 |       ||     3
 Stab: Sleeping          |     1 |     4 |       ||     5
  Eat: Chunk             |     2 |    19 |       ||    21
Armor: Animal skin       |    36 |    31 |     3 ||    70
Dodge: Dodged            |    95 |   158 |     2 ||   255
